 Dungeon Crawl Stone Soup version 0.21-a0-401-g0b6bec4 (webtiles) character file.

169 JackS81 the Chopper (level 5, -2/41 HPs)
             Began as a Formicid Fighter on Oct 21, 2017.
             Killed by divine providence
             ... invoked by an orc priest
              (13 damage)
             ... on level 3 of the Dungeon.
             The game lasted 00:04:41 (2135 turns).

JackS81 the Chopper (Formicid Fighter)              Turns: 2135, Time: 00:04:41

Health: -2/41      AC:  8    Str: 22    XL:     5   Next: 79%
Magic:  5/5        EV:  8    Int:  7    God:
Gold:   201        SH:  9    Dex: 10    Spells: 4/4 levels left

rFire    . . .     SeeInvis +   a - +0 war axe
rCold    . . .     Gourm    .   c - +0 shield
rNeg     . . .     Faith    .   b - +0 scale mail
rPois    .         Spirit   .   (helmet unavailable)
rElec    .         Reflect  .   (no cloak)
rCorr    .         Harm     .   (no gloves)
MR       .....                  m - +0 pair of boots (curse)
Stlth    ..........             (no amulet)
HPRegen  0.13/turn              (no ring)
MPRegen  0.09/turn              (no ring)

@: no status effects
A: permanent stasis, dig shafts and tunnels, four strong arms, antennae 3
a: Dig, Shaft Self


You were on level 3 of the Dungeon.
You were not hungry.

You visited 1 branch of the dungeon, and saw 3 of its levels.

You collected 201 gold pieces.

Inventory:

Hand Weapons
 a - a +0 war axe (weapon)
Missiles
 e - 11 bolts
 g - 29 stones (quivered)
Armour
 b - a +0 scale mail (worn)
 c - a +0 shield (worn)
 m - a cursed +0 pair of boots (worn)
Wands
 n - a wand of digging (8/24)
Scrolls
 j - a scroll of noise {unknown}
 l - 2 scrolls of remove curse {unknown}
 p - a scroll of enchant armour {unknown}
 r - a scroll of amnesia {unknown}
 t - 2 scrolls of teleportation {unknown}
Potions
 d - a potion of might
 h - a potion of agility {unknown}
 o - 2 potions of heal wounds
 q - a potion of curing {unknown}
Comestibles
 f - 2 bread rations
 i - 2 royal jellies
 k - a meat ration
 s - 5 chunks of flesh


   Skills:
 - Level 3.2 Fighting
 * Level 5.3 Axes
 - Level 3.2 Armour
 + Level 4.0 Shields


You had 4 spell levels left.
You didn't know any spells.

Dungeon Overview and Level Annotations

Branches:
Dungeon (3/15)

Altars:
Xom


Innate Abilities, Weirdness & Mutations

You cannot be hasted, slowed, berserked, paralysed or teleported.
You can dig through walls and to a lower floor.
Your four strong arms can wield two-handed weapons with a shield.
You have a pair of large antennae on your head. (SInv)


Message History

You kill the hobgoblin!
The orc priest calls down the wrath of Beogh upon you.
Pain shoots through your body!
You closely miss the orc priest. You block the orc priest's attack.
The orc hits you but does no damage. The orc priest barely misses you.
You see here a flail.
You closely miss the orc priest. You hit the orc but do no damage.
The orc hits you but does no damage.
The orc priest mumbles some strange prayers to Beogh against you.
Beogh smites you!
* * * LOW HITPOINT WARNING * * *
You barely miss the orc priest. You barely miss the orc.
You block the orc's attack.
The orc priest hits you but does no damage.
You closely miss the orc priest.
Your shield and scale mail prevent you from hitting the orc.
The orc closely misses you.
The orc priest mumbles some strange prayers to Beogh against you.
Beogh smites you!
You die...

....... .......>....#.....#.##.#.
#########.###...#.........#.##.#.
#. #.........#...#.##.#. ###
#...#######...#.##.#. ..#
#.............#.##.#. ..#
#...########..#.##.#. ..#
#................#.#. ..#
#...o.......#.####.#. ..#
#...@#####..#......#. ..#
#...o...##..########. ###
#.##..#.##........... # #..#
###.######### #..# #..........
.... #.#.####### .... #.#...
.......##### ...#


You could see an orc priest and an orc.

Vanquished Creatures
  A bullfrog (D:3)
  Jessica (D:3)
  Robin (D:3)
  An ooze (D:3)
  A dart slug (D:1)
  4 leopard geckos
  An orc (D:3)
  A ball python (D:2)
  8 bats
  A giant cockroach (D:1)
  7 hobgoblins
  2 quokkas (D:2)
  3 frilled lizards
  12 goblins
  4 kobolds (D:1)
  2 rats
50 creatures vanquished.

Notes
Turn   | Place    | Note
-------+----------+-------------------------------------------
     0 | D:1      | JackS81 the Formicid Fighter began the quest for the Orb.
     0 | D:1      | Reached XP level 1. HP: 18/18 MP: 1/1
   122 | D:1      | Found a shimmering altar of Xom.
   127 | D:1      | Reached XP level 2. HP: 20/24 MP: 2/2
   230 | D:1      | Reached skill level 3 in Axes
   359 | D:1      | Reached XP level 3. HP: 25/29 MP: 3/3
  1733 | D:3      | Noticed Jessica
  1751 | D:3      | Killed Jessica
  1751 | D:3      | Reached skill level 4 in Axes
  1751 | D:3      | Reached XP level 4. HP: 35/35 MP: 4/4
  1872 | D:3      | Noticed Robin
  1933 | D:3      | Killed Robin
  2052 | D:3      | Noticed a bullfrog
  2061 | D:3      | Killed a bullfrog
  2061 | D:3      | Reached skill level 5 in Axes
  2061 | D:3      | Reached XP level 5. HP: 31/41 MP: 5/5
  2135 | D:3      | Killed from afar by an orc priest

Vault maps used:
D:1:      lightli_arrival_maybe_door_vault, xom_teletrap_fun
D:3:      st_stairs_14, nicolae_dithmenos_shadow_blocks, uniq_jessica,
          uniq_robin

Skill      XL: |  1  2  3  4 |
---------------+-------------+-----
Axes           | 3 4 5 |  5.3
Shields        | 4 |  4.0
Fighting       | |  3.2
Armour         | |  3.2

Action                   |  1- 3 |  4- 6 || total
-------------------------+-------+-------++-------
Melee: War axe           |   121 |    63 ||   184
  Eat: Chunk             |     1 |     1 ||     2
       Royal jelly       |     1 |       ||     1
Armor: Scale mail        |    64 |    35 ||    99
Dodge: Dodged            |    46 |    19 ||    65
Block: Shield            |    70 |    25 ||    95

Table legend:
 A = Spawn XP
 B = Non-spawn XP
 C = Spawn XP percentage of total XP
 D = Spawn monster count
 E = Non-spawn monster count
 F = Spawn count percentage of total count
 G = Total turns spent on level
                    A         B        C        D         E        F      G
               +---------+---------+-------+---------+---------+-------+---------
         Total |       0 |     242 |   0.0 |       0 |      50 |   0.0 |  2135
               +---------+---------+-------+---------+---------+-------+---------
           D:1 |       0 |      40 |   0.0 |       0 |      22 |   0.0 |   944
           D:2 |       0 |      17 |   0.0 |       0 |      10 |   0.0 |   777
           D:3 |       0 |     185 |   0.0 |       0 |      18 |   0.0 |   414
               +---------+---------+-------+---------+---------+-------+---------
